 Dungeon Crawl Stone Soup version 0.23-a0-625-g1d2cd9b (webtiles) character file.

911 Leeroy the Slasher (level 8, -2/62 HPs)
             Began as a Barachi Fighter on Dec 25, 2018.
             Was a Follower of Fedhas.
             Slain by tstbtto's ghost (12 damage)
             ... on level 5 of the Dungeon.
             The game lasted 00:14:06 (3438 turns).

Leeroy the Slasher (Barachi Fighter)                Turns: 3438, Time: 00:14:07

Health: -2/62      AC: 10    Str: 18    XL:     8   Next: 8%
Magic:  8/8        EV: 10    Int: 11    God:    Fedhas [*.....]
Gold:   210        SH:  0    Dex: 11    Spells: 7/7 levels left

rFire    . . .     SeeInvis .   a - +0 long sword
rCold    . . .     Gourm    .   (no shield)
rNeg     . . .     Faith    .   b - +0 scale mail
rPois    .         Spirit   .   (no helmet)
rElec    .         Reflect  .   (no cloak)
rCorr    .         Harm     .   (no gloves)
MR       .....                  M - +2 pair of boots
Stlth    ..........             (no amulet)
HPRegen  0.20/turn              (no ring)
MPRegen  0.11/turn              (no ring)

@: can't hop, slow
A: +LOS, swims, slowness 1, strong legs 1
a: Hop, Fungal Bloom, Sunlight, Renounce Religion


You were on level 5 of the Dungeon.
You worshipped Fedhas.
Fedhas was aware of your devotion.
You were not hungry.

You visited 1 branch of the dungeon, and saw 5 of its levels.
You also visited: Sewer.

You collected 210 gold pieces.

Inventory:

Hand Weapons
 a - a +0 long sword (weapon)
 e - a +0 hunting sling
 l - a +0 dagger
 n - a +0 hunting sling
 s - a +0 short sword
 B - a +0 blowgun
 E - a +0 short sword
 I - a +0 hunting sling
 N - a +0 war axe
 O - a +2 whip of flaming
Missiles
 i - 19 arrows
 m - 41 stones (quivered)
 q - 61 bolts
 C - 21 poisoned needles
 K - 37 sling bullets
Armour
 b - a +0 scale mail (worn)
 c - a +0 shield
 g - a +0 ring mail
 t - a +0 robe of the Archmagi
 G - a +0 troll leather armour {Purgy}
 M - a +2 pair of boots (worn)
 R - a +0 chain mail
Jewellery
 k - an uncursed ring of protection from magic {unknown}
 r - an uncursed ring of positive energy {unknown}
 u - an uncursed ring of stealth {unknown}
 w - an uncursed ring of positive energy {unknown}
 H - a cursed ring of teleportation {unknown}
Scrolls
 j - 2 scrolls of blinking
 o - a scroll of noise
 v - 2 scrolls of teleportation
 y - a scroll of fear
 D - a scroll of random uselessness
 J - 2 scrolls of enchant armour {unknown}
 L - a scroll of magic mapping {unknown}
 P - a scroll of identify
Potions
 d - a potion of magic {unknown}
 h - a potion of curing
 p - a potion of agility {unknown}
 x - 2 potions of brilliance {unknown}
 z - a potion of degeneration {unknown}
 A - a potion of flight {unknown}
 F - a potion of invisibility {unknown}
Comestibles
 f - 5 rations
 Q - a chunk of flesh


   Skills:
 + Level 5.0 Fighting
 * Level 7.6 Long Blades
 - Level 0.1 Maces & Flails
 - Level 0.4(0.6) Slings
 - Level 0.5(0.6) Throwing
 + Level 5.6 Armour
 + Level 2.8 Dodging
 * Level 4.9 Shields


You had 7 spell levels left.
You didn't know any spells.
Your spell library was empty.

Dungeon Overview and Level Annotations

Branches:
Dungeon (5/15)
 Temple: D:4-7

Altars:
Dithmenos
Fedhas
Yredelemnul

Annotations:
D:5 tstbtto's ghost, novice GrBe


Innate Abilities, Weirdness & Mutations

Shadows flee at your approach. (+LOS)
You can swim through water.
You cover ground slowly.
You can hop short distances.


Message History

You hit tstbtto's ghost.
Tstbtto's ghost is moderately damaged.
Tstbtto's ghost hits you but does no damage.
You hit tstbtto's ghost but do no damage.
Tstbtto's ghost is moderately damaged.
Tstbtto's ghost hits you.
You hit tstbtto's ghost but do no damage.
Tstbtto's ghost is moderately damaged.
Tstbtto's ghost hits you but does no damage.
You hit tstbtto's ghost but do no damage.
Tstbtto's ghost is moderately damaged.
Tstbtto's ghost hits you!
* * * LOW HITPOINT WARNING * * *
Tstbtto's ghost hits you.
* * * LOW HITPOINT WARNING * * *
Hop to where?
Press: ? - help, Dir - move target cursor Boing!
Tstbtto's ghost hits you!
You die...
Fedhas appreciates your contribution to the ecosystem.

#...........##.##.
#.##...........#..
#..............#..
###............#..
#............#..
###............#.#
#..............#.#
#.##...........#..
#@#####.......####
#§W#.♣####........
#..'?8# #########
##.#.♣# # ##### #


You could see tstbtto's ghost.

Vanquished Creatures
  Pikel (D:3)
  Purgy (Sewer)
  An ogre (D:4)
  A centaur zombie (D:3)
  2 hounds
  A jelly (D:5)
  An iguana (D:5)
  5 adders
  An ooze (D:3)
  A worm (D:2)
  2 dart slugs (D:1)
  3 leopard geckos
  An orc (D:3)
  A ball python (D:3)
  6 giant cockroaches
  6 goblins
  3 hobgoblins
  7 jackals
  13 kobolds
  A quokka (D:3)
  5 bats
  7 frilled lizards
  9 rats
79 creatures vanquished.

Vanquished Creatures (others)
  3 orcs (D:4)
3 creatures vanquished.

Grand Total: 82 creatures vanquished

Notes
Turn   | Place    | Note
-------+----------+-------------------------------------------
     0 | D:1      | Leeroy the Barachi Fighter began the quest for the Orb.
     0 | D:1      | Reached XP level 1. HP: 18/18 MP: 1/1
    94 | D:1      | Reached XP level 2. HP: 11/25 MP: 2/2
   440 | D:1      | Reached skill level 3 in Long Blades
   440 | D:1      | Reached XP level 3. HP: 30/30 MP: 3/3
  1301 | D:2      | Found a shadowy altar of Dithmenos.
  1649 | D:3      | Reached skill level 4 in Long Blades
  1649 | D:3      | Reached XP level 4. HP: 19/37 MP: 4/4
  1681 | D:3      | Found a glowing drain.
  1695 | Sewer    | Entered a sewer
  1808 | Sewer    | Noticed Purgy
  1837 | Sewer    | Killed Purgy
  1837 | Sewer    | Reached skill level 5 in Long Blades
  1837 | Sewer    | Reached skill level 1 in Dodging
  1837 | Sewer    | Reached XP level 5. HP: 42/42 MP: 5/5
  1942 | D:3      | Found a basalt altar of Yredelemnul.
  2193 | D:3      | Found a faded altar of an unknown god.
  2208 | D:3      | Became a worshipper of Fedhas Madash
  2208 | D:3      | Reached * piety under Fedhas
  2660 | D:4      | Reached XP level 6. HP: 33/48 MP: 6/6
  2706 | D:4      | Noticed a slave
  2706 | D:4      | Noticed a slave
  2706 | D:4      | Noticed Pikel
  2707 | D:4      | Noticed a slave
  2708 | D:4      | Noticed a slave
  2851 | D:3      | Killed Pikel
  2851 | D:3      | Reached skill level 7 in Long Blades
  2851 | D:3      | Reached skill level 5 in Armour
  2851 | D:3      | Reached XP level 7. HP: 12/55 MP: 7/7
  3189 | D:5      | Entered Level 5 of the Dungeon
  3282 | D:5      | Reached XP level 8. HP: 35/61 MP: 8/8
  3363 | D:5      | Reached skill level 5 in Fighting
  3419 | D:5      | Found a runed door.
  3420 | D:5      | Noticed tstbtto's ghost (novice GrBe)
  3438 | D:5      | Slain by tstbtto's ghost

Vault maps used:
D:1:      dpeg_arrival_stonehenge_8_columns
D:2:      roderic_lattice_a, nicolae_dithmenos_through_a_glass_darkly
D:3:      chequers_ecumenical_altar_simple, portal_sewer_entry_a,
          yredelemnul_altar_generic
D:4:      first_ration, lemuel_flame_loot_1, uniq_pikel
D:5:      gammafunk_ghost_grave
Sewer:    kennysheep_door_sewer

Skill      XL: |  1  2  3  4  5  6  7  8 |
---------------+-------------------------+-----
Armour         | 4 5 |  5.6
Fighting       | 4 5 |  5.0
Long Blades    | 3 4 5 7 |  7.6
Dodging        | 1 2 |  2.8
Shields        | 4 |  4.9
Maces & Flails | |  0.1
Slings         | |  0.4
Throwing       | |  0.5

Action                   |  1- 3 |  4- 6 |  7- 9 || total
-------------------------+-------+-------+-------++-------
Melee: Long sword        |   129 |    79 |    43 ||   251
       Whip              |       |       |    31 ||    31
 Fire: Hunting sling     |       |    12 |       ||    12
       Blowgun           |       |    11 |       ||    11
Throw: Stone             |       |       |     1 ||     1
Invok: Fungal Bloom      |       |     3 |     2 ||     5
 Abil: Hop               |       |       |     3 ||     3
  Use: Scroll            |     2 |     5 |       ||     7
       Potion            |       |     3 |       ||     3
  Eat: Chunk             |     3 |     5 |     2 ||    10
Armor: Scale mail        |    71 |    26 |    31 ||   128
       Ring mail         |       |    10 |       ||    10
       Troll leather arm |       |    19 |       ||    19
Dodge: Dodged            |    91 |    89 |    33 ||   213
Block: Shield            |       |    11 |    20 ||    31
       Rpst.: Long sword |    26 |    30 |     5 ||    61

Table legend:
 A = Non-vault XP
 B = Vault XP
 C = Vault XP percentage of total XP
 D = Non-vault monster count
 E = Vault monster count
 F = Vault count percentage of total count
                 A         B        C        D         E       F
            +---------+---------+-------+---------+---------+-------
      Total |     496 |     806 |  61.9 |      68 |      11 |  13.9
            +---------+---------+-------+---------+---------+-------
        D:1 |      44 |       0 |   0.0 |      25 |       0 |   0.0
        D:2 |      26 |       0 |   0.0 |      14 |       0 |   0.0
        D:3 |      82 |     668 |  89.1 |      12 |       5 |  29.4
        D:4 |     176 |       0 |   0.0 |       5 |       0 |   0.0
        D:5 |     168 |       0 |   0.0 |      12 |       0 |   0.0
      Sewer |       0 |     138 | 100.0 |       0 |       6 | 100.0
            +---------+---------+-------+---------+---------+-------
